 Dungeon Crawl Stone Soup version 0.21.1-1-g345015fe64 (webtiles) character file.

58 Maxine the Skirmisher (level 3, -7/51 HPs)
             Began as a Minotaur Berserker on Mar 18, 2018.
             Was a Follower of Trog.
             Killed by divine providence
             ... invoked by an orc priest
              (9 damage)
             ... on level 2 of the Dungeon.
             The game lasted 00:05:50 (872 turns).

Maxine the Skirmisher (Minotaur Berserker)           Turns: 872, Time: 00:05:51

Health: -7/51      AC: 21    Str: 22    XL:     3   Next: 75%
Magic:  2/2        EV:  2    Int:  4    God:    Trog [*.....]
Gold:   77         SH:  0    Dex:  9    Spells: 2/2 levels left

rFire    . . .     SeeInvis .   a - +0 hand axe
rCold    . . .     Gourm    .   (no shield)
rNeg     + + +     Faith    .   (armour currently unavailable)
rPois    +         Spirit   .   (helmet currently unavailable)
rElec    .         Reflect  .   (cloak currently unavailable)
rCorr    .         Harm     .   (gloves currently unavailable)
MR       .....     NoTele   +   (boots currently unavailable)
Stlth    +.........             (no amulet)
HPRegen  0.17/turn              (no ring)
MPRegen  0.08/turn              (no ring)

@: tree-form, berserk cooldown, slowed, very slow
A: (retaliatory headbutt)
a: Berserk, Burn Spellbooks, Renounce Religion


You were on level 2 of the Dungeon.
You worshipped Trog.
Trog was aware of your devotion.
You were very hungry.
You were a tree.
You visited 1 branch of the dungeon, and saw 2 of its levels.

You collected 77 gold pieces.

Inventory:

Hand Weapons
 a - a +0 hand axe (weapon)
Armour
 b - a +0 animal skin (melded)
Jewellery
 g - an uncursed ring of stealth {unknown}
 h - a +3 ring of intelligence {unknown}
 k - a cursed ring of loudness {unknown}
Scrolls
 d - 2 scrolls of immolation {unknown}
 e - 4 scrolls of identify {unknown}
 f - a scroll of teleportation {unknown}
 j - a scroll of enchant armour {unknown}
 l - a scroll of remove curse {unknown}
 m - a scroll of fear {unknown}
 o - a scroll of enchant weapon {unknown}
 q - a scroll of fog {unknown}
Potions
 i - a potion of flight
 n - a potion of mutation {unknown}
 r - a potion of lignification
Comestibles
 c - 5 rations
 p - 3 chunks of flesh


   Skills:
 + Level 4.4 Fighting
 + Level 4.4 Axes
 + Level 3.5 Armour
 - Level 2.1 Dodging


You had 2 spell levels left.
You didn't know any spells.

Dungeon Overview and Level Annotations

Branches:
Dungeon (2/15)

Altars:


Innate Abilities, Weirdness & Mutations

((You reflexively headbutt those who attack you in melee.))
((You have a pair of horns on your head.))


Message History

The orc priest looks satisfied for a moment.
The kobold throws a stone.
The stone closely misses you. Something hits you.
You barely miss something. Something hits you!
You hear some strange, mumbled words.
A puff of flame appears from out of thin air!
The puff of flame hits you!
* * * LOW HITPOINT WARNING * * *
It was a potion of flight.
You feel very buoyant.
You fly up into the air.
The orc priest calls down the wrath of Beogh upon you.
Something hits you.
* * * LOW HITPOINT WARNING * * *
An orc wizard comes into view. It is wielding a dagger.
It was a potion of lignification.
You turn into a tree.
Your +0 animal skin melds into your body.
Your roots penetrate the ground.
The orc priest mumbles some strange prayers to Beogh against you.
Beogh smites you!
You die...

#.. .# #.# #.## .##
#.##.##.# ..# # #.#.# #.#
#.# '# ...# #.##.. ...
...# #.#.### .... ...#
#..#.## .....
...#########..(.####......
...........(..((♣{K'...>..
...####..#########o#......
.#.####.## ..o......
........# #...##....
.#####..# ....# ... .
#..#⌠. .....# '# ##.#o.o.
.....# # #.##..# ..#..##
#.# #...


You could see an orc priest, an orc wizard and a kobold.

Vanquished Creatures
  An orc wizard (D:2)
  An adder (D:2)
  An orc (D:2)
  A giant cockroach (D:2)
  A goblin (D:1)
  2 hobgoblins
  6 kobolds
  A quokka (D:2)
  4 bats
  A frilled lizard (D:2)
  2 rats
21 creatures vanquished.

Notes
Turn   | Place    | Note
-------+----------+-------------------------------------------
     0 | D:1      | Maxine the Minotaur Berserker began the quest for the Orb.
     0 | D:1      | Reached XP level 1. HP: 19/19 MP: 0/0
   508 | D:2      | Reached XP level 2. HP: 22/27 MP: 1/1
   859 | D:2      | Reached XP level 3. HP: 34/34 MP: 2/2
   871 | D:2      | HP: 1/34 [something (2)]
   872 | D:2      | Killed from afar by an orc priest

Skill      XL: |  1  2 |
---------------+-------+-----
Fighting       | 4 |  4.4
Axes           | 4 |  4.4
Armour         | 3 |  3.5
Dodging        | |  2.1

Action                   || total
-------------------------++-------
Melee: Hand axe          ||    41
       Headbutt          ||     5
Invok: Berserk           ||     3
  Use: Potion            ||     2
  Eat: Chunk             ||     1
Armor: Animal skin       ||    11
Dodge: Dodged            ||    36
